 Dungeon Crawl Stone Soup version 0.30.1-11-g7821555f0a (webtiles) character file.

Game seed: 6875228736484599438

16305 lonewolfV2 the Cleaver (level 12, -5/103 HPs)
             Began as a Minotaur Fighter on Nov 14, 2023.
             Was an Elder of Qazlal.
             Slain by a kobold brigand
             ... wielding a +1 rapier of distortion
              (18 damage)
             ... on level 11 of the Dungeon.
             The game lasted 00:23:40 (11569 turns).

lonewolfV2 the Cleaver (Minotaur Fighter)          Turns: 11569, Time: 00:23:40

Health: -5/103     AC: 16    Str: 25    XL:     12   Next: 8%
Magic:  19/19      EV: 13    Int:  5    God:    Qazlal [****..]
Gold:   638        SH: 13    Dex: 11    Spells: 11/11 levels left

rFire   + . .        v - +2 war axe (freeze)
rCold   + . .        H - +2 buckler
rNeg    + + .        e - +4 scale mail
rPois   +            G - +1 hat
rElec   +            i - +0 cloak {rPois}
rCorr   +            y - +0 pair of gloves
SInv    .            (no boots)
Will    .....        (no amulet) Stlth
                     p - ring of positive energy
HPRegen 0.37/turn    u - ring of positive energy
MPRegen 0.16/turn

%: repel missiles
@: mighty, resistant
A: horns 2, retaliatory headbutt
a: Renounce Religion, Upheaval, Elemental Force


You were on level 11 of the Dungeon.
You worshipped Qazlal.
Qazlal was greatly pleased with you.
You visited 3 branches of the dungeon, and saw 13 of its levels.

You collected 818 gold pieces.
You spent 180 gold pieces at shops.

Inventory:

Hand Weapons
 a - a +1 war axe
 v - a +2 war axe of freezing (weapon)
Armour
 b - a +0 scale mail
 c - a +0 buckler
 e - a +4 scale mail (worn)
 i - a +0 cloak of poison resistance (worn)
 y - a +0 pair of gloves (worn)
 G - a +1 hat (worn)
 H - a +2 buckler (worn)
Jewellery
 m - a ring of ice
 p - a ring of positive energy (left hand)
 u - a ring of positive energy (right hand)
 I - a ring of protection from fire
Wands
 g - a wand of mindburst (43)
 k - a wand of flame (26)
 B - a wand of polymorph (5)
 E - a wand of charming (3)
 F - a wand of acid (2)
Scrolls
 f - 7 scrolls of teleportation
 n - 3 scrolls of vulnerability
 s - 3 scrolls of identify
 w - a scroll of poison
 x - a scroll of butterflies
 A - 3 scrolls of fog
 C - a scroll of fear
 D - a scroll of amnesia
Potions
 d - a potion of might
 j - 2 potions of cancellation
 l - 2 potions of flight
 o - 2 potions of haste
 q - 4 potions of brilliance
 r - a potion of resistance
 t - a potion of lignification
 z - a potion of degeneration
 J - a potion of magic {unknown}


   Skills:
 - Level 8.7 Fighting
 - Level 11.1 Axes
 * Level 9.0 Armour
 * Level 8.3 Dodging
 - Level 9.0 Shields
 - Level 11.1 Invocations


You had 11 spell levels left.
You didn't know any spells.
Your spell library contained the following spells:

 Spells                   Type           Power      Damage    Failure   Level
 Apportation              Tloc           0%         N/A       77%         1
 Kiss of Death            Conj/Necr      0%         2d5       77%         1
 Necrotise                Necr           0%         1d4       77%         1
 Summon Small Mammal      Summ           0%         N/A       77%         1
 Lesser Beckoning         Tloc           0%         N/A       88%         2
 Confusing Touch          Hex            0%         N/A       98%         3
 Gell's Gravitas          Tloc           0%         N/A       98%         3
 Teleport Other           Tloc           0%         N/A       98%         3
 Dispel Undead            Necr           0%         3d6       100%        4
 Petrify                  Tmut/Erth      0%         N/A       100%        4
 Metabolic Englaciation   Hex/Ice        0%         N/A       100%        5
 Statue Form              Tmut/Erth      0%         N/A       100%        6


Dungeon Overview and Level Annotations

Branches:
Dungeon (11/15)            Temple (0/1) D:7            Lair (1/5) D:10
    Orc (1/2) D:10

Altars:
Dithmenos
Elyvilon
Fedhas
Gozag
Kikubaaqudgha
Makhleb
Qazlal
Sif Muna
Uskayaw
Vehumet
Xom
Zin
Jiyva

Shops:
D:2 [   D:4 [

Annotations:
D:5 2 transporters, OlManJenkins's ghost, amateur MiBe
D:9 1 runed translucent door, exclusion: statue
Lair:1 3 runed translucent doors, deadpool521's ghost, journeyman MiFi


Innate Abilities, Weirdness & Mutations

You have a pair of horns on your head.
You reflexively headbutt those who attack you in melee.


Message History

The kobold brigand throws a poisoned dart.
The poisoned dart hits your kobold brigand!
Your kobold brigand looks as sick as possible!
The kobold demonologist gestures wildly while chanting.
Your kobold brigand hits the kobold brigand with a +0 dagger.
The kobold brigand hits your kobold brigand with a +0 short sword!
Your kobold brigand dies!
The kobold demonologist casts a spell.
The kobold brigand throws a poisoned dart.
You block the poisoned dart.
A kobold brigand is nearby!
A kobold brigand is nearby!
The kobold brigand throws a poisoned dart.
The poisoned dart closely misses you.
You barely miss the kobold brigand.
Your headbutt misses the kobold brigand.
The kobold brigand is heavily wounded.
The kobold brigand throws a curare-tipped dart.
The curare-tipped dart misses you.
The kobold brigand hits you but does no damage.
You closely miss the kobold brigand. You headbutt the kobold brigand.
The kobold brigand is heavily wounded.
The kobold brigand hits you but does no damage.
You slash the kobold brigand! You freeze the kobold brigand.
The kobold brigand is almost dead.
You barely miss the kobold brigand.
You block the kobold brigand's attack. x2
You barely miss the kobold brigand.
Your headbutt misses the kobold brigand.
The kobold brigand is almost dead.
You hit the kobold brigand. You freeze the kobold brigand.
The kobold brigand hits you but does no damage.
You block the kobold brigand's attack.
You hit the kobold brigand. You freeze the kobold brigand.
You kill the kobold brigand!
Qazlal accepts your kill.
You hit the kobold brigand. You freeze the kobold brigand.
The kobold brigand hits you with a +1 rapier of distortion.
* * * LOW HITPOINT WARNING * * *
Space warps horribly around you!!
You die...

#[..#.5K.###########..######
#?.....'KK..K...............
..#..KK...K3..............
#.#.#.#.###K######.........
#.⌠.##...#K# #.........
######....#K# #.......^.
#.........#K# #.........
##'########K##+###.........
..........@)...............
#...........°.○.......###....
#.........§§..§....... #....
#.................... #....
#################.... #....
.... ##### ###


You could see a kobold demonologist, a smoke demon (summoned) and 6 kobold
brigands.

Vanquished Creatures
  The ghost of wolfy7 the Fighter, a journeyman HOFi of Makhleb (D:11)
  Josephine (D:9)
  Nergalle (D:11)
  An orc sorcerer (Orc:1)
  A cyclops (D:11)
  The ghost of rozman the Caller, a novice MfSu of Sif Muna (D:7)
  A manticore (D:11)
  A black mamba (Lair:1)
  A cane toad (Lair:1)
  A rime drake (Lair:1)
  4 kobold demonologists (D:8)
  2 hornets (D:10)
  5 blink frogs (Lair:1)
  3 shadows
  5 wraiths (D:9)
  21 yaks
  A warg (D:10)
  An acid dragon (D:11)
  2 water moccasins
  A sky beast (D:6)
  6 orc warriors
  2 ice beasts
  3 black bears
  An ogre (D:4)
  A centaur (D:9)
  5 wolves (Lair:1)
  A phantom (D:3)
  8 kobold brigands
  9 bullfrogs
  3 scorpions
  A gnoll sergeant (D:10)
  7 wights (D:6)
  6 killer bees
  A howler monkey (D:10)
  7 jellies
  7 orc priests
  4 hounds
  A gnoll bouda (D:5)
  Jessica (D:2)
  An iguana (D:5)
  Terence (D:2)
  11 orc wizards
  Natasha (thrice) (D:2)
  17 gnolls
  8 adders
  A shadow imp (D:7)
  A white imp (D:6)
  An ufetubus (D:5)
  7 dart slugs
  43 orcs
  5 ball pythons
  6 endoplasms
  3 giant cockroaches
  8 goblins
  16 hobgoblins
  6 jackals (D:1)
  3 quokkas
  8 bats
  3 frilled lizards
  A hobgoblin zombie (D:7)
  20 kobolds
  8 rats
310 creatures vanquished.

Vanquished Creatures (others)
  A kobold brigand (D:11)
1 creature vanquished.

Grand Total: 311 creatures vanquished

Notes
Turn   | Place    | Note
-------+----------+-------------------------------------------
     0 | D:1      | lonewolfV2 the Minotaur Fighter began the quest for the
                  | Orb.
     0 | D:1      | Reached XP level 1. HP: 19/19 MP: 0/0
    34 | D:1      | You fall into a shaft and drop 1 floor!
    44 | D:2      | Noticed Terence
    49 | D:2      | Killed Terence
    50 | D:2      | Reached XP level 2. HP: 27/27 MP: 1/1
   127 | D:2      | Noticed Natasha
   133 | D:2      | Killed Natasha
   134 | D:2      | Reached XP level 3. HP: 31/34 MP: 2/2
   304 | D:2      | Noticed Jessica
   318 | D:2      | Killed Jessica
   319 | D:2      | Reached XP level 4. HP: 40/41 MP: 3/3
   414 | D:2      | Noticed Natasha
   422 | D:2      | Killed Natasha
   489 | D:2      | Found Jajukhux's Armour Shoppe.
   550 | D:2      | Noticed Natasha
   559 | D:2      | Killed Natasha
   560 | D:2      | Reached skill level 5 in Fighting
   560 | D:2      | Reached XP level 5. HP: 24/48 MP: 4/4
  1859 | D:3      | Noticed a phantom
  1872 | D:3      | Killed a phantom
  1873 | D:3      | Reached skill level 5 in Dodging
  1873 | D:3      | Reached XP level 6. HP: 54/56 MP: 5/5
  2300 | D:3      | Found a faded altar of an unknown god.
  2319 | D:3      | Prayed at the altar of an unknown god.
  2319 | D:3      | Became a worshipper of Elyvilon the Healer
  2319 | D:3      | Reached * piety under Elyvilon
  2435 | D:3      | Fell from the grace of Elyvilon
  2543 | D:3      | Found a shadowy altar of Dithmenos.
  3070 | D:4      | Found Yruumes's Antique Armour Shoppe.
  3075 | D:4      | Bought a glowing cloak for 180 gold pieces
  3182 | D:4      | Found a hide-covered altar of Uskayaw.
  3379 | D:4      | Reached XP level 7. HP: 54/64 MP: 6/6
  3703 | D:5      | Entered Level 5 of the Dungeon
  3801 | D:5      | Noticed OlManJenkins's ghost (amateur MiBe)
  3802 | D:5      | Found a transporter.
  4268 | D:5      | Found a transporter.
  4451 | D:6      | Found a glowing silver altar of Zin.
  4621 | D:6      | Reached XP level 8. HP: 67/74 MP: 7/7
  4683 | D:6      | Found a stormy altar of Qazlal.
  4724 | D:6      | Became a worshipper of Qazlal Stormbringer
  4771 | D:6      | Found a burning altar of Makhleb.
  4983 | D:6      | Found an opulent altar of Gozag.
  5259 | D:7      | Reached skill level 5 in Armour
  5259 | D:7      | Reached skill level 5 in Shields
  5278 | D:7      | Found a runed translucent door.
  5435 | D:7      | Found a white marble altar of Elyvilon.
  5691 | D:7      | Found an ancient bone altar of Kikubaaqudgha.
  5803 | D:7      | Reached XP level 9. HP: 35/82 MP: 9/9
  6014 | D:7      | Found a sand-covered staircase.
  6118 | D:7      | Found a staircase to the Ecumenical Temple.
  6344 | D:7      | Noticed rozman's ghost (novice MfSu)
  6353 | D:7      | Killed rozman's ghost
  6495 | D:8      | Reached * piety under Qazlal
  6878 | D:8      | Found a blossoming altar of Fedhas.
  7436 | D:9      | Noticed a kobold demonologist
  7436 | D:9      | Noticed a kobold demonologist
  7436 | D:9      | Noticed a kobold demonologist
  7438 | D:9      | Noticed a kobold demonologist
  7439 | D:9      | Noticed an orange demon
  7501 | D:9      | Noticed a sixfirhy
  7508 | D:8      | Reached XP level 10. HP: 54/90 MP: 9/11
  7634 | D:9      | Noticed a rust devil
  7652 | D:8      | Noticed a rust devil
  7661 | D:8      | Reached skill level 5 in Invocations
  7669 | D:8      | Reached skill level 5 in Axes
  8051 | D:9      | Reached ** piety under Qazlal
  8184 | D:9      | Found a viscous altar of Jiyva.
  8382 | D:9      | Found a radiant altar of Vehumet.
  8533 | D:9      | Found a shimmering altar of Xom.
  8575 | D:9      | Found a shimmering blue altar of Sif Muna.
  8648 | D:9      | Noticed a catoblepas
  8648 | D:9      | Noticed a five-headed hydra
  8649 | D:9      | Found a runed translucent door.
  8651 | D:9      | Noticed a flayed ghost
  8651 | D:9      | Noticed an eight-headed hydra
  8651 | D:9      | Noticed a centaur warrior
  8651 | D:9      | Noticed a great orb of eyes
  8651 | D:9      | Found the +6 lightning scales {swift, rElec}
  8808 | D:10     | Entered Level 10 of the Dungeon
  8927 | D:10     | Noticed Josephine
  9122 | D:9      | Reached XP level 11. HP: 56/94 MP: 14/16
  9123 | D:9      | Killed Josephine
  9269 | D:10     | Identified the +1 robe of Fafa {rF+}
  9304 | D:10     | Paralysed by a hornet for 2 turns
  9445 | D:10     | Reached *** piety under Qazlal
  9461 | D:10     | Found a staircase to the Lair.
  9563 | D:10     | Identified the +3 ring mail of Trumpets {Int+3}
  9688 | D:10     | Found a staircase to the Orcish Mines.
  9778 | Orc:1    | Entered Level 1 of the Orcish Mines
  9779 | Orc:1    | Noticed an orc sorcerer
  9782 | Orc:1    | Noticed a two-headed ogre
  9789 | Orc:1    | Noticed a two-headed ogre
  9790 | Orc:1    | Noticed an ogre mage
  9791 | Orc:1    | Paralysed by an orc sorcerer for 4 turns
  9794 | Orc:1    | Noticed a two-headed ogre
  9797 | Orc:1    | Noticed an orc knight
  9797 | Orc:1    | Killed an orc sorcerer
  9996 | Lair:1   | Entered Level 1 of the Lair of Beasts
 10006 | Lair:1   | Found a runed translucent gate.
 10006 | Lair:1   | Found a runed translucent gate.
 10006 | Lair:1   | Found a runed translucent gate.
 10256 | Lair:1   | Noticed deadpool521's ghost (journeyman MiFi)
 10383 | Lair:1   | Reached skill level 10 in Invocations
 10467 | Lair:1   | Reached skill level 10 in Axes
 11019 | D:11     | Reached **** piety under Qazlal
 11072 | D:11     | Noticed Nergalle
 11091 | D:11     | Killed Nergalle
 11092 | D:11     | Reached XP level 12. HP: 58/103 MP: 19/19
 11487 | D:11     | Found a runed translucent gate.
 11487 | D:11     | Found a runed translucent gate.
 11487 | D:11     | Found a runed translucent gate.
 11489 | D:11     | Noticed wolfy7's ghost (journeyman HOFi)
 11552 | D:11     | Killed wolfy7's ghost
 11569 | D:11     | Slain by a kobold brigand

Illustrated notes

Levels and vault maps discovered:
D:1:      giann_wishing_wells, layout_basic
D:2:      minmay_general_purpose_star, layout_loops_cross, serial_shops,
          nicolae_shop_back_alley_shop, minmay_goblin_outpost, uniq_jessica,
          uniq_terence, uniq_natasha
D:3:      layout_loops_ring, mainiacjoe_overflow_alcove_1,
          ebering_ecumenical_altar_abandoned, minmay_fractal_squares_diagonal_5
D:4:      layout_basic, nicolae_uskayaw_suspiria, serial_shops,
          nicolae_shop_pleasant_corner_grove, nicolae_figureground_sparkle
D:5:      layout_basic, gammafunk_ghost_arena, corexii_leaking_fountain
D:6:      layout_basic, mainiacjoe_overflow_concentric_impassable,
          old_standard_altar, lemuel_round_altar,
          mainiacjoe_overflow_surrounded_room, chequers_garden
D:7:      layout_basic, lemuel_round_altar, old_standard_altar,
          minmay_temple_entry_from_below_a, enter_ossuary_3,
          ebering_ghost_reflecting_pool
D:8:      layout_loops_ring, mainiacjoe_overflow_24_doors
D:9:      minmay_gate_of_8, layout_cave_pools, vehumet_statue, tgw_sif,
          lemuel_tele_altar, jiyva_altar_1
D:10:     layout_roguey, due_lair_maze_entry_diamond, david_orc_3,
          uniq_josephine
D:11:     layout_irregular_city, gammafunk_ghost_nasty_kobolds, uniq_nergalle
Lair:1:   layout_small_grid, ebering_ghost_rock_garden, serial_bayou_shore_a,
          infiniplex_staircase_pool
Orc:1:    layout_caves, nicolae_orc_bridge_out, hangedman_minor_magic

Skill      XL: |  1  2  3  4  5  6  7  8  9 10 11 12 |
---------------+-------------------------------------+-----
Fighting       | 4 5 6 8 |  8.7
Dodging        | 2 3 4 5 6 7 8 |  8.3
Invocations    | 2 8 10 11 | 11.1
Armour         | 5 9 |  9.0
Shields        | 5 9 |  9.0
Axes           | 3 7 10 11 | 11.1

Action                     |  1- 3 |  4- 6 |  7- 9 | 10-12 || total
---------------------------+-------+-------+-------+-------++-------
  Melee: War axe           |    32 |   156 |   258 |   302 ||   748
         Headbutt          |     9 |    16 |    45 |    68 ||   138
 Invoke: Renounce Religion |       |     1 |       |       ||     1
  Evoke: Wand              |       |       |     1 |     7 ||     8
    Use: Scroll            |       |    10 |    11 |     2 ||    23
         Potion            |       |       |       |     8 ||     8
 Armour: Scale mail        |    16 |   124 |   148 |   170 ||   458
  Dodge: Dodged            |    19 |   127 |   207 |   190 ||   543
         Repelled          |       |       |       |     1 ||     1
  Block: Buckler           |    11 |    55 |    91 |   197 ||   354
